 Dungeon Crawl Stone Soup version 0.26-a0-651-gb41185065b (webtiles) character file.

Game seed: 3934768491321338937

3501 Flugslaktarn the Grappler (level 9, -9/89 HPs)
             Began as a Troll Fighter on Oct 27, 2020.
             Was an Initiate of Gozag.
             Mangled by Joseph
             ... wielding a +1 spectral quarterstaff
              (16 damage)
             ... on level 8 of the Dungeon.
             The game lasted 00:03:37 (6253 turns).

Flugslaktarn the Grappler (Troll Fighter)           Turns: 6253, Time: 00:03:38

Health: -9/89      AC:  6    Str: 26    XL:     9   Next: 80%
Magic:  8/8        EV: 19    Int:  4    God:    Gozag
Gold:   1407       SH: 10    Dex: 12    Spells: 8/8 levels left

rFire    . . .     SeeInvis .     - Unarmed
rCold    . . .     Faith    .   b - +0 kite shield
rNeg     . . .     Spirit   .   y - +0 robe
rPois    .         Reflect  .   (helmet restricted)
rElec    .         Harm     .   (no cloak)
rCorr    .         Rampage  .   (gloves unavailable)
MR       .....                  (boots unavailable)
Stlth    +.........             (no amulet)
HPRegen  0.64/turn              t - +4 ring of evasion
MPRegen  0.11/turn              v - +4 ring of evasion

@: gold aura
A: large, unfitting armour, claws 3, talons 1, sense surroundings 1,
regeneration 1, shaggy fur 1, tough skin 3
a: Potion Petition, Call Merchant, Bribe Branch, Renounce Religion


You were on level 8 of the Dungeon.
You worshipped Gozag.
Gozag was most pleased with you.
You visited 1 branch of the dungeon, and saw 8 of its levels.

You collected 1464 gold pieces.
You paid 57 gold pieces to Gozag.

Inventory:

Armour
 a - a +0 robe
 b - a +0 kite shield (worn)
 y - a +0 robe (worn)
   (You found it on level 5 of the Dungeon)
Jewellery
 j - an uncursed ring of poison resistance {unknown}
   (You found it on level 7 of the Dungeon)
 k - a cursed -4 ring of protection {unknown}
   (You found it on level 7 of the Dungeon)
 t - a +4 ring of evasion (left claw)
   (You found it on level 3 of the Dungeon)
 v - a +4 ring of evasion (right claw)
   (You found it on level 3 of the Dungeon)
Wands
 g - a wand of digging (11)
   (You took it off Grinder on level 4 of the Dungeon)
 i - a wand of iceblast (11)
   (You found it on level 6 of the Dungeon)
Scrolls
 h - a scroll of blinking {unknown}
 l - 2 scrolls of magic mapping
 p - a scroll of immolation
 r - a scroll of identify
 x - 11 scrolls of remove curse
Potions
 c - a potion of ambrosia {unknown}
 d - 3 potions of might
 e - a potion of mutation
 f - 3 potions of flight
 m - a potion of stabbing {unknown}
 n - a potion of magic {unknown}
 o - a potion of resistance {unknown}
 q - 2 potions of curing
 s - a potion of cancellation {unknown}
 u - 3 potions of lignification {unknown}
 w - a potion of degeneration {unknown}


   Skills:
 - Level 6.0 Fighting
 + Level 5.3 Dodging
 + Level 5.3 Shields
 - Level 9.6 Unarmed Combat


You had 8 spell levels left.
You didn't know any spells.
Your spell library was empty.

Dungeon Overview and Level Annotations

Branches:
Dungeon (8/15)             Temple (0/1) D:5
   Lair: D:8-11

Altars:
Ashenzari
Gozag
Nemelex Xobeh

Shops:
D:7 (

Annotations:
D:8 Joseph


Innate Abilities, Weirdness & Mutations

You are too large for most types of armour.
You have claws for hands.
Your natural rate of healing is unusually fast.
You are covered in fur. (AC +1)
You have extremely tough skin. (AC +3)
You have sharp toenails.
You passively map a small area around you.


Message History

The spectral weapon completely misses you.
Joseph closely misses you.
You closely miss Joseph. You claw Joseph, but do no damage.
Joseph is severely wounded.
You block the spectral weapon's attack. Joseph closely misses you.
You scratch Joseph but do no damage.
Joseph is severely wounded.
The spectral weapon hits you.
* * * LOW HITPOINT WARNING * * *
Joseph hits you with a +1 spectral quarterstaff!
* * * LOW HITPOINT WARNING * * *
Unknown command.
You barely miss Joseph. Your kick misses Joseph.
Joseph is severely wounded.
The spectral weapon barely misses you.
You barely miss Joseph. Your kick misses Joseph.
Joseph is severely wounded.
Joseph hits you with a +1 spectral quarterstaff!
You die...
Your body crumbles into a pile of gold.

* * ..#..##.#.##..... , *
#.....#.,*#.#.##..##. .
#.....# ##.#.##.>... ,
,.##.....#..##.#.######.
, . .......#.$##.#.# #. ,
, , ..##.#...#..##.#)# #.
.............#.#.######.
, #...@(.#...#.#........
* ##..#.@.##..#.#.######.
.....................#*
,.##.....................
#...#+#.(....#.######.
..... +..(.#.#.# ####..
#...(....# ,
#......#.$#.###
#.........#.#
.######..#.#


You could see Joseph and a +1 spectral quarterstaff (summoned).

Vanquished Creatures
  Grinder (D:4)
  Sigmund (D:2)
  Grum (D:8)
  A steam dragon (D:7)
  Menkaure (D:4)
  A water moccasin (D:7)
  2 orc warriors
  An ice beast (D:7)
  A phantom (D:7)
  4 ogres
  A sky beast (D:6)
  3 wolves (D:8)
  A centaur (D:5)
  4 bullfrogs
  A gnoll sergeant (D:6)
  4 scorpions
  3 hounds
  2 jellies
  4 bullfrog skeletons
  2 orc priests (D:3)
  An iguana (D:5)
  8 orc wizards
  4 worker ants
  A hound zombie (D:7)
  A worker ant zombie (D:5)
  10 gnolls
  10 adders
  2 shadow imps (D:5)
  2 white imps
  2 ufetubi
  An adder zombie (D:5)
  5 worms
  2 leopard geckos
  31 orcs
  4 ball pythons
  2 bats
  4 giant cockroaches
  14 goblins
  8 hobgoblins
  11 jackals
  5 kobolds
  2 quokkas
  8 frilled lizards
  A leopard gecko skeleton (D:5)
  A leopard gecko zombie (D:6)
  2 quokka skeletons
  8 rats
189 creatures vanquished.

Notes
Turn   | Place    | Note
-------+----------+-------------------------------------------
     0 | D:1      | Flugslaktarn the Troll Fighter began the quest for the Orb.
     0 | D:1      | Reached XP level 1. HP: 22/22 MP: 0/0
   226 | D:1      | Reached XP level 2. HP: 29/29 MP: 1/1
   524 | D:2      | Reached skill level 3 in Unarmed Combat
   606 | D:2      | Reached XP level 3. HP: 36/36 MP: 2/2
  1024 | D:2      | Noticed Sigmund
  1042 | D:2      | Killed Sigmund
  1042 | D:2      | Reached skill level 5 in Unarmed Combat
  1042 | D:2      | Reached XP level 4. HP: 35/45 MP: 3/3
  1042 | D:2      | Reached XP level 5. HP: 42/53 MP: 4/4
  1199 | D:3      | Found an opulent altar of Gozag.
  1199 | D:3      | Found a sparkling altar of Nemelex Xobeh.
  1212 | D:3      | Reached XP level 6. HP: 32/62 MP: 5/5
  1228 | D:3      | Became a worshipper of Gozag Ym Sagoz the Greedy
  1866 | D:3      | Found a broken altar of Ashenzari.
  2389 | D:4      | Reached skill level 6 in Unarmed Combat
  2446 | D:4      | Noticed Grinder
  2461 | D:4      | Killed Grinder
  2461 | D:4      | Reached XP level 7. HP: 58/71 MP: 6/6
  2496 | D:4      | Reached skill level 7 in Unarmed Combat
  2792 | D:4      | Noticed Menkaure
  2801 | D:4      | Killed Menkaure
  2943 | D:4      | Reached skill level 5 in Fighting
  3128 | D:4      | Reached XP level 8. HP: 59/80 MP: 7/7
  3165 | D:4      | Reached skill level 8 in Unarmed Combat
  3374 | D:5      | Entered Level 5 of the Dungeon
  3693 | D:5      | Found a staircase to the Ecumenical Temple.
  4475 | D:6      | Reached skill level 9 in Unarmed Combat
  4597 | D:5      | Gained mutation: You have sharp toenails. [potion of
                  | mutation]
  4597 | D:5      | Gained mutation: You passively map a small area around you.
                  | [potion of mutation]
  5038 | D:7      | Reached XP level 9. HP: 78/89 MP: 8/8
  5397 | D:7      | Found Gurchen's Antique Weapon Emporium.
  5883 | D:8      | Noticed Joseph
  6089 | D:8      | Noticed Grum
  6112 | D:8      | Killed Grum
  6112 | D:8      | Reached skill level 5 in Dodging
  6112 | D:8      | Reached skill level 5 in Shields
  6253 | D:8      | Mangled by Joseph

Illustrated notes

Levels and vault maps discovered:
D:1:      dpeg_arrival_round_c, layout_rooms
D:2:      layout_loops_ring, uniq_sigmund
D:3:      layout_basic, grunt_temple_overflow_opulence, lemuel_crystal_altar
D:4:      cheibrodos_greedy_goblins, layout_loops_ring, uniq_menkaure,
          uniq_grinder
D:5:      layout_layer_cave, minmay_temple_entry_sparse_star
D:6:      layout_cave_pools
D:7:      layout_loops_ring, serial_shops,
          nicolae_shop_competitors_out_of_business,
          chequers_serial_rivers_large_b
D:8:      layout_basic, kennysheep_mini_moat, minmay_tree_intersection,
          hangedman_ranch [blue_anna_fruit_fields], uniq_grum, uniq_gastronok,
          uniq_joseph

Skill      XL: |  1  2  3  4  5  6  7  8  9 |
---------------+----------------------------+-----
Unarmed Combat | 3 5 6 7 9 |  9.6
Fighting       | 3 4 5 6 |  6.0
Dodging        | 5 |  5.3
Shields        | 5 |  5.3

Action                   |  1- 3 |  4- 6 |  7- 9 || total
-------------------------+-------+-------+-------++-------
Melee: Unarmed           |   112 |    85 |   343 ||   540
       Kick              |       |       |    48 ||    48
  Use: Scroll            |       |       |    10 ||    10
       Potion            |       |       |     3 ||     3
 Stab: Sleeping          |       |     3 |     2 ||     5
       Distracted        |       |       |     2 ||     2
Armor: Robe              |    25 |    22 |    61 ||   108
Dodge: Dodged            |    27 |    17 |   136 ||   180
Block: Kite shield       |    50 |    26 |   166 ||   242

Table legend: (Time is in decaauts)
 A = Elapsed time spent in this place.
 B = Non-inter-level travel time spent in this place.
 C = Inter-level travel time spent in this place.
 D = Time resting spent in this place.
 E = Time spent auto-exploring this place.
 F = Levels seen in this place.
 G = Mean time per level.
                   A        B        C        D        E       F      G
               +--------+--------+--------+--------+--------+-----+--------+
         Total |   6276 |   6037 |    239 |    322 |   4573 |   8 |  784.5 |
       Dungeon |   6276 |   6037 |    239 |    322 |   4573 |   8 |  784.5 |
               +--------+--------+--------+--------+--------+-----+--------+

Top non-repeatable levels by time:
     D:3: 1193 daAuts
     D:5: 1165 daAuts
     D:4: 990 daAuts
     D:7: 965 daAuts
     D:2: 718 daAuts
     D:6: 488 daAuts
     D:1: 467 daAuts
     D:8: 288 daAuts
